 Dungeon Crawl Stone Soup version 0.24.0-35-gdb84b6a5db (webtiles) character file.

Game seed: 4207238109432525591, levelgen mode: deterministic

13 Emblim88 the Sneak (level 2, 0/13 HPs)
             Began as a Spriggan Enchanter on Nov 18, 2019.
             Slain by a leopard gecko (5 damage)
             ... on level 1 of the Dungeon.
             The game lasted 00:02:54 (804 turns).

Emblim88 the Sneak (Spriggan Enchanter)              Turns: 804, Time: 00:02:54

Health: 0/13       AC:  2    Str:  4    XL:     2   Next: 24%
Magic:  1/6        EV: 18    Int: 16    God:
Gold:   10         SH:  0    Dex: 16    Spells: 3/6 levels left

rFire    . . .     SeeInvis +   a - +1 dagger
rCold    . . .     Gourm    .   (shield restricted)
rNeg     . . .     Faith    .   b - +0 robe
rPois    .         Spirit   .   (helmet restricted)
rElec    .         Reflect  .   (no cloak)
rCorr    .         Harm     .   (gloves unavailable)
MR       .....                  (boots unavailable)
Stlth    +++.......             (no amulet)
HPRegen  0.04/turn              (no ring)
MPRegen  0.10/turn              (no ring)

@: very slightly contaminated, very quick
A: very small, unfitting armour, see invisible, herbivore, speed 3, slow
metabolism 2
a: no special abilities


You were on level 1 of the Dungeon.
You were not hungry.

You visited 1 branch of the dungeon, and saw 1 of its levels.

You collected 10 gold pieces.

Inventory:

Hand Weapons
 a - a +1 dagger (weapon)
Armour
 b - a +0 robe (worn)
Comestibles
 d - a ration


   Skills:
 + Level 1.3 Short Blades
 + Level 3.1 Dodging
 * Level 4.8 Stealth
 + Level 2.9 Spellcasting
 * Level 3.9 Hexes
 + Level 0.0 Ice Magic


You had 3 spell levels left.
You knew the following spells:

 Your Spells              Type           Power        Failure   Level  Hunger
a - Corona                Hex            ##.....      3%          1    #......
b - Ensorcelled Hibernat  Hex/Ice        #.....       13%         2    ##.....

Your spell library contained the following spells:

 Spells                   Type           Power        Failure   Level  Hunger
 Confuse                  Hex            ##......     11%         3    ###....
 Tukima's Dance           Hex            ##......     11%         3    ###....
 Dazzling Spray           Conj/Hex       #.....       26%         3    ###....


Dungeon Overview and Level Annotations

Branches:
Dungeon (1/15)

Altars:


Innate Abilities, Weirdness & Mutations

You are very small and have problems with some larger weapons.
You are too small for most types of armour.
You have supernaturally acute eyesight. (SInv)
You are a herbivore.
You cover ground extremely quickly.
You need to consume almost no food.


Message History

The leopard gecko completely misses you.
The leopard gecko completely misses you.
The leopard gecko misses you. The leopard gecko barely misses you.
The leopard gecko bites you but does no damage.
The leopard gecko hisses menacingly.
The leopard gecko misses you. The leopard gecko closely misses you.
The leopard gecko bites you.
There are monsters nearby!
You closely miss the leopard gecko.
The leopard gecko bites you but does no damage.
Casting: Ensorcelled Hibernation (safe; 13% risk of failure)
Confirm with . or Enter, or press ? or * to list all spells.
Aiming: Ensorcelled Hibernation (safe; 13% risk of failure)
Press: ? - help, Shift-Dir - straight line, f - leopard gecko
Aim: a leopard gecko (clinging, chance to defeat MR: 57%)
You miscast Ensorcelled Hibernation.
You are very lightly contaminated with residual magic.
Your skin tingles.
The leopard gecko bites you.
You die...

### ##........ #^#
#..l...... #####
#......... #...####
#.........
#.>.'..###.........
#...##...l.........
###l#######....#+##.
#Z#l#Z# #.........
###@##### #....##...
#Z#...#Z# #....##...
#####.### #....###..
#^#.#^# ###### #..
###.### ##. #Z#.#Z#
#. ####.### #.
#Z#..#Z# #. ###.####
##


You could see a leopard gecko, a frilled lizard, 2 felid skeletons, a human
skeleton and a draconian skeleton.

Vanquished Creatures
  2 oozes (D:1)
  A hobgoblin (D:1)
  A bat (D:1)
  A kobold (D:1)
  A rat (D:1)
6 creatures vanquished.

Notes
Turn   | Place    | Note
-------+----------+-------------------------------------------
     0 | D:1      | Emblim88 the Spriggan Enchanter began the quest for the
                  | Orb.
     0 | D:1      | Reached XP level 1. HP: 9/9 MP: 5/5
    13 | D:1      | Noticed a minotaur skeleton
   538 | D:1      | Reached XP level 2. HP: 5/13 MP: 3/6
   542 | D:1      | Learned a level 2 spell: Ensorcelled Hibernation
   804 | D:1      | Slain by a leopard gecko

Levels and vault maps discovered:
D:1:      shiori_arrival_whats_in_store_for_you, layout_basic,
          minmay_pentomino_s2

Action                   || total
-------------------------++-------
Melee: Dagger            ||    24
 Cast: Corona            ||     7
       Ensorcelled Hiber ||     2
 Stab: Sleeping          ||     3
Armor: Robe              ||     6
Dodge: Dodged            ||    20
